 Dungeon Crawl Stone Soup version 0.23-a0-710-gaad00d04af (webtiles) character file.

94493 MirrMurr the Imperceptible (level 15, -14/88 HPs)
             Began as a Spriggan Enchanter on Jan 15, 2019.
             Was an Initiate of Gozag.
             Demolished by an orc knight
             ... wielding a +0 battleaxe
              (34 damage)
             ... on level 2 of the Orcish Mines.
             The game lasted 01:21:45 (32647 turns).

MirrMurr the Imperceptible (Spriggan Enchanter)    Turns: 32647, Time: 01:21:45

Health: -14/88     AC:  8    Str:  4    XL:     15   Next: 63%
Magic:  18/35      EV: 31    Int: 23    God:    Gozag
Gold:   6446       SH: 14    Dex: 17    Spells: 10/32 levels left

rFire    . . .     SeeInvis +   a - +6 dagger (venom)
rCold    . . .     Gourm    .   x - +1 buckler of Paranoia {MP+9}
rNeg     + . .     Faith    .   B - +1 robe {rN+}
rPois    .         Spirit   .   I - +2 hat
rElec    .         Reflect  +   o - +2 cloak
rCorr    .         Harm     .   (gloves unavailable)
MR       +++..                  (boots unavailable)
Stlth    ++++++++..             O - +5 amulet of reflection
HPRegen  0.24/turn              X - ring of wizardry
MPRegen  0.24/turn              z - ring of protection from magic

@: marked, gold aura, very quick
A: very small, unfitting armour, see invisible, herbivore, speed 3, low mp 1,
robust 1, slow metabolism 2, sturdy frame 1
a: Potion Petition, Call Merchant, Bribe Branch, Renounce Religion


You were on level 2 of the Orcish Mines.
You worshipped Gozag.
Gozag was greatly pleased with you.
You were very hungry.

You visited 4 branches of the dungeon, and saw 24 of its levels.
You also visited: Volcano.

You collected 7296 gold pieces.
You spent 720 gold pieces at shops.
You paid 130 gold pieces to Gozag.

Inventory:

Hand Weapons
 a - a +6 dagger of venom (weapon)
 b - a +0 fustibalus of flaming
 q - a +0 blowgun
 w - the +0 scimitar of Ivaos {flame, rPois rC+ MR+ Int+3}
   (You found it on level 3 of the Lair of Beasts)

   It has been specially enchanted to burn those struck by it, causing extra
   injury to most foes and up to half again as much damage against particularly
   susceptible opponents.
   Big, fiery blades are also staple armaments of hydra-hunters.
   It affects your intelligence (+3).
   It protects you from cold.
   It protects you from poison.
   It affects your resistance to hostile enchantments.
 V - a +4 scimitar of flaming
 W - the +3 scimitar of Retuss {elec, Int+4 Dex-4}
   (You bought it in a shop on level 14 of the Dungeon)

   Occasionally, upon striking a foe, it will discharge some electrical energy
   and cause terrible harm.
   It affects your intelligence (+4).
   It affects your dexterity (-4).
Missiles
 f - 588 stones (quivered)
 m - 25 poisoned needles
 s - 150 sling bullets
 H - 3 throwing nets {!f}
 L - 2 needles of confusion
 P - 8 curare-tipped needles
Armour
 o - a +2 cloak (worn)
 x - the +1 buckler of Paranoia (worn) {MP+9}
   (You acquired it on level 7 of the Dungeon)

   It affects your magic capacity (+9).
 B - a +1 robe of positive energy (worn)
 I - a +2 hat (worn)
Jewellery
 p - a +3 ring of strength
 u - a +4 ring of dexterity
 y - an uncursed ring of flight
 z - a ring of protection from magic (right hand)
 O - a +5 amulet of reflection (around neck)
 Q - an uncursed ring of protection from fire
 U - an uncursed ring of resist corrosion
 X - a ring of wizardry (left hand)
 Z - an uncursed ring of poison resistance
Wands
 C - a wand of flame (45)
 E - a wand of iceblast (14)
 G - a wand of acid (24)
 J - a wand of paralysis (16)
 K - a wand of disintegration (28)
 S - a wand of scattershot (6)
 T - a wand of digging (4)
Scrolls
 h - 5 scrolls of amnesia
 i - 3 scrolls of identify
 j - 6 scrolls of blinking
 k - 4 scrolls of fog
 n - 5 scrolls of fear
 r - 11 scrolls of remove curse
 v - 3 scrolls of teleportation
 D - 3 scrolls of magic mapping
Potions
 d - 5 potions of haste
 e - 4 potions of brilliance
 g - 6 potions of curing
 t - 6 potions of heal wounds
 A - a potion of resistance
 M - a potion of agility
 N - 3 potions of flight
 R - 3 potions of berserk rage
Miscellaneous
 l - a lamp of fire
 F - a phantom mirror
 Y - a box of beasts
Comestibles
 c - 16 rations


   Skills:
 - Level 10.0 Fighting
 - Level 10.0 Short Blades
 - Level 15.0 Dodging
 + Level 22.2 Stealth
 - Level 7.2 Shields
 + Level 9.4 Spellcasting
 - Level 12.0 Hexes


You had 10 spell levels left.
You knew the following spells:

 Your Spells              Type           Power        Failure   Level  Hunger
a - Ensorcelled Hibernat  Hex/Ice        #####.       1%          2    None
b - Confuse               Hex            ######..     1%          3    None
c - Tukima's Dance        Hex            ######..     1%          3    None
d - Dazzling Spray        Conj/Hex       #####.       1%          3    None
f - Summon Butterflies    Summ           ##......     2%          1    None
i - Invisibility          Hex            ######..     2%          6    ######.
A - Apportation           Tloc           ##....       2%          1    None
B - Blink                 Tloc           N/A          3%          2    None
C - Corona                Hex            ######.      1%          1    None

Your spell library contained the following spells:

 Spells                   Type           Power        Failure   Level  Hunger
 Slow                     Hex            ######..     1%          2    None
 Animate Skeleton         Necr           N/A          2%          1    None
 Magic Dart               Conj           ##..         2%          1    None
 Pain                     Necr           ##..         2%          1    None
 Call Imp                 Summ           ##......     3%          2    None
 Conjure Flame            Conj/Fire      ##......     8%          3    None
 Lesser Beckoning         Tloc           ##........   8%          3    None
 Mephitic Cloud           Conj/Pois/Air  ##......     8%          3    None
 Regeneration             Chrm/Necr      ##........   8%          3    None
 Vampiric Draining        Necr           ##........   8%          3    None
 Animate Dead             Necr           N/A          24%         4    ##.....
 Alistair's Intoxication  Tmut/Pois      ##......     52%         5    ####...


Dungeon Overview and Level Annotations

Branches:
Dungeon (15/15)            Temple (1/1) D:7            Lair (6/6) D:11
  Swamp (0/4) Lair:3       Spider (0/4) Lair:3        Slime (0/5) Lair:6
    Orc (2/2) D:12            Elf (0/3) Orc:2        Vaults (0/5) D:14
 Depths (0/5) D:15

Altars:
Ashenzari
Cheibriados
Dithmenos
Elyvilon
Fedhas
Gozag
Hepliaklqana
Kikubaaqudgha
Makhleb
Nemelex Xobeh
Okawaru
Qazlal
Ru
Sif Muna
Trog
Uskayaw
Vehumet
Wu Jian
Xom
Yredelemnul
Zin
The Shining One

Shops:
D:5 *   D:6 [   D:12 (   D:14 *   Orc:2 *[=

Annotations:
D:11 2 transporters, SnubMonkey's ghost, journeyman DsFi


Innate Abilities, Weirdness & Mutations

You are very small and have problems with some larger weapons.
You are too small for most types of armour.
You have supernaturally acute eyesight. (SInv)
You are a herbivore.
You cover ground extremely quickly.
You need to consume almost no food.
Your magical capacity is low. (-10% MP)
You are robust. (+10% HP)
Your movements are slightly less encumbered by armour. (ER -2)


Message History

The orc high priest looks as sick as possible!
The orc high priest is almost dead.
An orc warrior comes into view.
It is wielding a -2 glaive and wearing a +1 plate armour of fire resistance.
You block the warg's attack. The ice devil completely misses you.
The orc warrior completely misses you.
You closely miss the orc high priest.
The orc high priest is almost dead.
The ynoxinul gestures.
The orc warrior hits you with a +0 morningstar!
* * * LOW HITPOINT WARNING * * *
You block the ice devil's attack.
You hit the orc high priest.
You kill the orc high priest!
The ice devil disappears in a puff of smoke!
The ynoxinul disappears in a puff of smoke!
The ufetubus disappears in a puff of smoke! x2
The ice devil disappears in a puff of smoke!
The orc knight hits you with a +0 battleaxe!!
You die...
Your body crumbles into a pile of gold.

...##.....#........#..#
P.o#...................
....#..........#...#...
...T.##................
. .....#......[........#
#.. #oo......(..........
....#oo.........##..)P..
$
....Phooo..)..###.......
$
..P.P.§@P...#####.P.[.P.
#.....§$§....# #......8.
......§.....## #.P......
P.....§..P....##.....∩..
.....∩.........#P.......
...8........#.##..P.....
....P..........##.......
#.P.....PP.........P....
#.#...........


You could see 2 orc knights, a troll, a warg, 4 orc warriors and 2 orcs.

Vanquished Creatures
  Frances (D:12)
  Kirke (D:12)
  A tengu reaver (D:13)
  An orc warlord (Orc:1)
  The ghost of yrara the Basher, a journeyman DsFi of Gozag (Lair:6)
  Azrael (D:14)
  Snorg (Lair:3)
  A fire dragon (Volcano)
  Harold (Lair:1)
  13 hydras
  4 centaur warriors
  6 two-headed ogres
  A death knight (D:15)
  A tengu warrior (D:13)
  An ogre mage (D:15)
  A hell hog (Volcano)
  4 orc high priests (Orc:2)
  13 spriggans (Lair:6)
  Nergalle (D:11)
  Sonja (Lair:2)
  A skeletal warrior (D:11)
  3 unseen horrors
  A wizard (D:14)
  A deep elf mage (D:14)
  An orb spider (Lair:3)
  3 orc knights
  3 orc sorcerers (Orc:2)
  4 ugly things
  2 cyclopes (D:15)
  2 oklob plants (Lair:3)
  4 manticores
  4 elephants (Lair:6)
  2 black mambas
  Joseph (D:7)
  A torpor snail (Lair:2)
  2 molten gargoyles (Volcano)
  4 gargoyles
  Psyche (D:11)
  8 spiny frogs
  4 naga magi (D:15)
  A kobold demonologist (D:15)
  5 centaur skeletons
  7 komodo dragons
  2 rime drakes (Lair:3)
  2 freezing wraiths (D:15)
  8 trolls
  4 red devils (D:14)
  5 polar bears
  6 hornets
  6 dream sheep (Lair:5)
  6 blink frogs
  6 slime creatures
  A snapping turtle (shapeshifter) (D:13)
  6 hippogriffs
  A shadow (D:15)
  A centaur simulacrum (D:15)
  A vampire (D:13)
  3 wyverns
  48 yaks
  2 fire elementals
  3 wraiths
  4 fire bats (Volcano)
  A hog (D:12)
  3 basilisks
  A hungry ghost (D:4)
  2 steam dragons
  13 vampire mosquitoes
  Grum (D:8)
  Menkaure (D:5)
  2 wargs
  An acid dragon (D:12)
  11 water moccasins
  5 hell hounds
  10 porcupines
  2 sky beasts
  6 black bears
  Duvessa (D:6)
  23 orc warriors
  4 ice beasts
  A swamp drake (D:12)
  2 necrophages
  26 wolves
  3 phantoms
  4 boggarts (Lair:6)
  13 ogres
  12 centaurs
  16 crocodiles
  19 bullfrogs
  2 big kobolds
  A wyvern zombie (D:11)
  Dowan (D:6)
  A wyvern skeleton (D:9)
  5 scorpions
  5 wights (D:7)
  A lava snake (Volcano)
  An electric eel (Lair:1)
  5 howler monkeys
  7 crimson imps
  A bullfrog zombie (D:7)
  A quasit (D:13)
  3 centaur zombies
  10 jellies
  7 bullfrog skeletons
  15 orc priests
  10 hounds
  6 iguanas
  16 orc wizards
  6 worker ants
  A worker ant zombie (D:9)
  12 adders
  4 gnolls
  5 shadow imps
  6 oozes
  An adder skeleton (D:4)
  An adder zombie (D:6)
  5 worms
  4 dart slugs
  9 leopard geckos
  82 orcs
  3 ball pythons
  3 giant cockroaches
  7 goblins
  6 hobgoblins
  12 jackals
  4 quokkas
  3 bats
  9 frilled lizards
  A jackal skeleton (D:6)
  14 kobolds
  A quokka skeleton (D:8)
  7 rats
  A fungus (Lair:6)
723 creatures vanquished.

Vanquished Creatures (collateral kills)
  A two-headed ogre (D:11)
  A porcupine (Lair:2)
  A gnoll (D:8)
3 creatures vanquished.

Vanquished Creatures (others)
  A dancing weapon (D:13)
  A yak (D:14)
  A hell hound (D:14)
  A centaur (D:14)
  2 orcs
  38 fungi
  25 plants
69 creatures vanquished.

Grand Total: 795 creatures vanquished

Notes
Turn   | Place    | Note
-------+----------+-------------------------------------------
     0 | D:1      | MirrMurr the Spriggan Enchanter began the quest for the
                  | Orb.
     0 | D:1      | Reached XP level 1. HP: 9/9 MP: 5/5
   395 | D:1      | Reached XP level 2. HP: 13/13 MP: 6/6
   399 | D:1      | Learned a level 2 spell: Ensorcelled Hibernation
   417 | D:1      | Reached skill level 5 in Stealth
  1282 | D:1      | Reached XP level 3. HP: 16/16 MP: 5/8
  1299 | D:1      | Learned a level 3 spell: Confuse
  1899 | D:2      | Reached skill level 6 in Stealth
  2246 | D:2      | Reached XP level 4. HP: 15/21 MP: 3/9
  2646 | D:2      | Found a sacrificial altar of Ru.
  3104 | D:3      | Noticed a black bear
  3132 | D:3      | Killed a black bear
  3132 | D:3      | Reached skill level 7 in Stealth
  3132 | D:3      | Reached XP level 5. HP: 24/24 MP: 2/10
  3146 | D:3      | Learned a level 3 spell: Tukima's Dance
  4684 | D:4      | Noticed a centaur
  4692 | D:4      | Reached skill level 8 in Stealth
  4692 | D:4      | Reached XP level 6. HP: 28/28 MP: 8/11
  4695 | D:4      | Reached skill level 5 in Short Blades
  5018 | D:4      | Reached skill level 5 in Hexes
  5018 | D:4      | Reached XP level 7. HP: 32/32 MP: 8/13
  5269 | D:4      | Noticed a hungry ghost
  5306 | D:4      | Killed a hungry ghost
  5516 | D:4      | HP: 1/48 [orc wizard/+0 dagger (4)]
  6623 | D:4      | Reached XP level 8. HP: 26/36 MP: 8/15
  6686 | D:5      | Entered Level 5 of the Dungeon
  6797 | D:5      | Reached skill level 1 in Fighting
  6984 | D:5      | Reached skill level 5 in Dodging
  7017 | D:5      | Found Mutoif's Merry Market.
  7067 | D:5      | Noticed Menkaure
  7072 | D:5      | Killed Menkaure
  7109 | D:5      | Found a burning altar of Makhleb.
  7493 | D:6      | Found Ykufaal's Antique Armour Shop.
  7724 | D:6      | Bought a cloak for 112 gold pieces
  7733 | D:6      | Noticed Duvessa
  7749 | D:6      | Noticed Dowan
  7751 | D:6      | Killed Duvessa
  7751 | D:6      | Reached XP level 9. HP: 44/44 MP: 5/16
  7758 | D:5      | Learned a level 3 spell: Dazzling Spray
  7761 | D:5      | Learned a level 2 spell: Blink
  8366 | D:6      | Reached skill level 9 in Stealth
  8371 | D:6      | Killed Dowan
  8409 | D:6      | Noticed a troll
  8413 | D:6      | Killed a troll
  8690 | D:6      | Reached skill level 10 in Stealth
  9018 | D:7      | Reached skill level 10 in Dodging
  9421 | D:7      | Identified a scroll of acquirement
  9422 | D:7      | Got a fine buckler
  9428 | D:7      | Identified the +1 buckler of Paranoia {MP+9} (You acquired
                  | it on level 7 of the Dungeon)
  9602 | D:7      | Noticed Joseph
  9792 | D:7      | Found a staircase to the Ecumenical Temple.
  9802 | Temple   | Entered the Ecumenical Temple
 10032 | Temple   | Became a worshipper of Gozag Ym Sagoz the Greedy
 10287 | D:7      | Killed Joseph
 10287 | D:7      | Reached skill level 1 in Shields
 10316 | D:7      | Reached skill level 11 in Stealth
 10391 | D:7      | Reached XP level 10. HP: 49/49 MP: 17/17
 10730 | D:8      | Noticed Grum
 10749 | D:8      | Killed Grum
 11650 | D:10     | Entered Level 10 of the Dungeon
 12064 | D:10     | Noticed an unseen horror
 12071 | D:10     | Killed an unseen horror
 12071 | D:10     | Reached skill level 5 in Spellcasting
 12306 | D:10     | Reached skill level 12 in Stealth
 12888 | D:11     | Noticed a manticore
 12889 | D:11     | Noticed a white ugly thing
 12952 | D:11     | Killed a white ugly thing
 12952 | D:11     | Reached XP level 11. HP: 53/53 MP: 20/20
 12993 | D:11     | Noticed a two-headed ogre
 13018 | D:11     | Killed a two-headed ogre
 13273 | D:11     | Noticed a five-headed hydra
 13291 | D:11     | Noticed a skeletal warrior
 13470 | D:11     | Killed a skeletal warrior
 13693 | D:11     | Killed a five-headed hydra
 13729 | D:11     | Found a staircase to the Lair.
 13762 | D:11     | Found a transporter.
 13782 | D:11     | Found a transporter.
 13787 | D:11     | Noticed a wolf spider
 13789 | D:11     | Noticed SnubMonkey's ghost (journeyman DsFi)
 14013 | D:11     | Noticed a four-headed hydra
 14017 | D:11     | Noticed an unseen horror
 14025 | D:11     | Killed a four-headed hydra
 14025 | D:11     | Reached skill level 5 in Fighting
 14025 | D:11     | Reached skill level 13 in Stealth
 14031 | D:11     | Killed an unseen horror
 14060 | D:11     | Noticed Psyche
 14067 | D:11     | Killed Psyche
 14245 | D:11     | Noticed an unseen horror
 14282 | D:11     | Killed an unseen horror
 14282 | D:11     | Reached skill level 10 in Hexes
 14528 | Lair:1   | Entered Level 1 of the Lair of Beasts
 14710 | Lair:1   | You fall through a shaft!
 14752 | Lair:2   | Reached XP level 12. HP: 60/60 MP: 18/22
 15076 | Lair:1   | Noticed Harold
 15091 | Lair:1   | Killed Harold
 15156 | Lair:1   | Reached skill level 10 in Short Blades
 15926 | Lair:2   | Noticed an eight-headed hydra
 15944 | Lair:2   | Killed an eight-headed hydra
 16061 | Lair:2   | Reached skill level 14 in Stealth
 16215 | Lair:2   | Noticed Sonja
 16236 | Lair:2   | Killed Sonja
 16255 | Lair:2   | Reached skill level 5 in Shields
 17031 | Lair:3   | Noticed a five-headed hydra
 17176 | Lair:3   | Noticed a six-headed hydra
 17196 | Lair:3   | Killed a six-headed hydra
 17412 | Lair:3   | Reached skill level 15 in Stealth
 17472 | Lair:3   | You fall through a shaft for 2 floors!
 17577 | Lair:5   | Noticed a five-headed hydra
 17601 | Lair:5   | Killed a five-headed hydra
 17697 | Lair:4   | Found an opulent altar of Gozag.
 17945 | Lair:3   | Found a hole to the Spider Nest.
 17984 | Lair:3   | Noticed a four-headed hydra
 17993 | Lair:3   | Killed a four-headed hydra
 17993 | Lair:3   | Reached XP level 13. HP: 65/65 MP: 23/23
 18151 | Lair:3   | Found a staircase to the Swamp.
 18162 | Lair:3   | Reached skill level 15 in Dodging
 18523 | Lair:3   | Noticed Snorg
 18533 | Lair:3   | Killed Snorg
 18772 | Lair:3   | Got a polished scimitar
 18773 | Lair:3   | Identified the cursed +0 scimitar of Ivaos {flame, rPois
                  | rC+ MR+ Int+3} (You found it on level 3 of the Lair of
                  | Beasts)
 19469 | Lair:4   | Learned a level 6 spell: Invisibility
 19471 | Lair:4   | Learned a level 1 spell: Summon Butterflies
 19473 | Lair:4   | Learned a level 1 spell: Apportation
 20311 | Lair:5   | Reached skill level 16 in Stealth
 21083 | Lair:6   | Entered Level 6 of the Lair of Beasts
 21104 | Lair:6   | Found a staircase to the Slime Pits.
 21426 | Lair:6   | Found a dark tunnel.
 21433 | Volcano  | Entered a volcano
 21531 | Volcano  | Found a radiant altar of Vehumet.
 21634 | Volcano  | Reached skill level 17 in Stealth
 21704 | Volcano  | Noticed a fire dragon
 21735 | Volcano  | Killed a fire dragon
 21778 | Volcano  | Gained mutation: Your magical capacity is low. (-10% MP)
                  | [potion of mutation]
 21778 | Volcano  | Gained mutation: You have sharp toenails. [potion of
                  | mutation]
 21778 | Volcano  | Gained mutation: You are weak. (Str -2) [potion of
                  | mutation]
 21779 | Volcano  | Lost mutation: You are weak. (Str -2) [potion of mutation]
 21779 | Volcano  | Lost mutation: You have sharp toenails. [potion of
                  | mutation]
 21779 | Volcano  | Gained mutation: Your movements are slightly less
                  | encumbered by armour. (ER -2) [potion of mutation]
 21779 | Volcano  | Gained mutation: You are robust. (+10% HP) [potion of
                  | mutation]
 22030 | Lair:6   | Found a runed gate.
 22030 | Lair:6   | Found a runed gate.
 22030 | Lair:6   | Found a runed gate.
 22081 | Lair:6   | Noticed yrara's ghost (journeyman DsFi)
 22635 | Lair:6   | Reached XP level 14. HP: 81/81 MP: 21/21
 22885 | Lair:6   | Reached skill level 18 in Stealth
 23931 | Lair:6   | Killed yrara's ghost
 24172 | D:12     | Found Noerphusch's Antique Weapon Boutique.
 24175 | D:12     | Noticed Nergalle
 24601 | D:12     | Noticed Kirke
 24876 | D:11     | Killed Nergalle
 24954 | D:12     | Killed Kirke
 25116 | D:12     | Noticed Frances
 25119 | D:12     | Killed Frances
 25119 | D:12     | Reached skill level 19 in Stealth
 25305 | D:12     | Found a staircase to the Orcish Mines.
 25788 | D:13     | Reached skill level 10 in Fighting
 26148 | D:13     | Identified the +8 triple crossbow of the Scorpion {elec,
                  | +Blink Str+5 Int+4 Stlth+}
 26292 | D:13     | Noticed a tengu reaver
 26315 | D:13     | Killed a tengu reaver
 26315 | D:13     | Reached skill level 20 in Stealth
 27150 | D:14     | Noticed Azrael
 27252 | D:14     | Found Fesezerr's Assorted Antiques.
 27373 | D:13     | Reached skill level 21 in Stealth
 27934 | D:14     | Killed Azrael
 28046 | D:14     | Bought a translucent scimitar for 288 gold pieces
 28046 | D:14     | Identified the +3 scimitar of Retuss {elec, Int+4 Dex-4}
                  | (You bought it in a shop on level 14 of the Dungeon)
 28529 | D:14     | Reached XP level 15. HP: 83/88 MP: 23/23
 28558 | D:14     | Found an iron altar of Okawaru.
 28692 | D:14     | Found a gate to the Vaults.
 28805 | D:15     | Entered Level 15 of the Dungeon
 29348 | D:15     | Found a staircase to the Depths.
 31139 | Orc:1    | Entered Level 1 of the Orcish Mines
 31695 | Orc:2    | Entered Level 2 of the Orcish Mines
 31696 | Orc:2    | Found Qeacs's Jewellery Shop.
 31872 | Orc:2    | Reached skill level 22 in Stealth
 31897 | Orc:2    | Noticed an orc warlord
 32101 | Orc:2    | Found a gate leading to a gauntlet.
 32166 | Orc:1    | Killed an orc warlord
 32306 | Orc:2    | Bought an uncursed ring of poison resistance for 320 gold
                  | pieces
 32370 | Orc:2    | Found Boecluh's Antique Armour Boutique.
 32395 | Orc:2    | Found a staircase to the Elven Halls.
 32422 | Orc:2    | Found Xuliyc's General Store.
 32647 | Orc:2    | Demolished by an orc knight

Vault maps used:
D:1:      wander_arrival_desolate
D:2:      serial_rivers, chequers_serial_rivers_small_3,
          chequers_serial_rivers_room_b, chequers_serial_rivers_small_a,
          chequers_serial_rivers_micro_e, chequers_serial_rivers_small_3,
          nicolae_ru_the_path_less_chosen
D:3:      first_ration, kennysheep_generic_room_10
D:4:      minmay_razor_zed
D:5:      kennysheep_six_static_rooms, makhleb_grotto_becter,
          nicolae_alphabet_shops, uniq_menkaure
D:6:      serial_shops, nicolae_shop_overgrown_old_shop, serial_glass,
          glass_columns_a, glass_columns_a, uniq_duvessa
D:7:      minmay_temple_entry_offerings, uniq_joseph
D:8:      uniq_grum
D:11:     minmay_lair_entry_grove, gammafunk_ghost_berserking_beasts,
          kennysheep_generic_room_7, uniq_psyche
D:12:     erik_orc_1, serial_shops, shop, uniq_nergalle, uniq_frances,
          uniq_kirke
D:13:     kennysheep_green_arena
D:14:     david_vaults_1, basic_altar, serial_shops, nicolae_shop_waterfront,
          hangedman_little_slice_of_home, einodemon_armed_red_devil_minivault,
          uniq_azrael
D:15:     grunt_enter_depths_magical_seal
Temple:   nicolae_temple_the_god_donut
Lair:1:   statuecave_lemuel, small_statue_intersection, grunt_megastairs_4,
          infiniplex_staircase_pool_2, uniq_harold
Lair:2:   lemuel_fruit_tree, serial_bayou_shore_b, grunt_megastairs_1,
          uniq_sonja
Lair:3:   minmay_swamp_entry_swarm, nicolae_spider_entry_orb_guardian,
          minmay_lair_oklob_chamber, uniq_snorg
Lair:4:   lemuel_altar_in_water2
Lair:5:   lookout_lair_type
Lair:6:   minmay_lair_end_enchanted_forest, minmay_slime_entry_pillars,
          nicolae_volcano_entry_hallway, ebering_ghost_rock_garden
Orc:2:    grunt_orc_gardens, grunt_orc_garden, grunt_orc_garden,
          grunt_orc_garden, grunt_orc_garden, gauntlet_entry_generic
Volcano:  volcano_lake

Skill      XL: |  1  2  3  4  5  6  7  8  9 10 11 12 13 14 15 |
---------------+----------------------------------------------+-----
Stealth        | 5 6 7 8 11 12 13 15 17 21 22 | 22.2
Short Blades   | 2 3 4 5 7 8 9 10 | 10.0
Spellcasting   | 3 4 5 6 9 |  9.4
Hexes          | 5 8 9 10 12 | 12.0
Fighting       | 3 4 5 6 8 10 | 10.0
Dodging        | 8 10 11 12 14 15 | 15.0
Shields        | 1 2 4 6 7 |  7.2

Action                   |  1- 3 |  4- 6 |  7- 9 | 10-12 | 13-15 || total
-------------------------+-------+-------+-------+-------+-------++-------
Melee: Dagger            |   134 |    90 |   384 |   525 |  1275 ||  2408
 Cast: Ensorcelled Hiber |    13 |    30 |    75 |   145 |   242 ||   505
       Confuse           |       |     5 |    48 |    39 |   146 ||   238
       Tukima's Dance    |       |       |       |    12 |     8 ||    20
       Dazzling Spray    |       |       |       |     5 |    26 ||    31
       Invisibility      |       |       |       |       |    11 ||    11
 Abil: Evoke Flight      |       |       |       |     1 |       ||     1
  Use: Scroll            |     7 |     3 |     9 |     9 |     9 ||    37
       Potion            |       |       |     1 |     3 |     9 ||    13
 Stab: Sleeping          |    17 |    32 |    45 |    96 |   151 ||   341
       Distracted        |     2 |       |     3 |     9 |     7 ||    21
       Confused          |       |     1 |    23 |    30 |    86 ||   140
       Invisible         |       |       |       |       |    48 ||    48
  Eat: Ration            |       |     2 |     6 |     6 |    10 ||    24
Armor: Robe              |     9 |     6 |    12 |    20 |    35 ||    82
Dodge: Dodged            |    93 |    50 |   183 |   226 |   605 ||  1157
Block: Other             |       |       |    23 |       |       ||    23
       Buckler           |       |       |    22 |   243 |   621 ||   886
       Reflection        |       |       |     1 |     3 |    33 ||    37

Table legend:
 A = Non-vault XP
 B = Vault XP
 C = Vault XP percentage of total XP
 D = Non-vault monster count
 E = Vault monster count
 F = Vault count percentage of total count
                 A         B        C        D         E       F
            +---------+---------+-------+---------+---------+-------
      Total |   74368 |   60623 |  44.9 |     520 |     208 |  28.6
            +---------+---------+-------+---------+---------+-------
        D:1 |      46 |       0 |   0.0 |      21 |       0 |   0.0
        D:2 |      68 |       0 |   0.0 |      24 |       0 |   0.0
        D:3 |     234 |       3 |   1.3 |      21 |       1 |   4.5
        D:4 |     784 |     336 |  30.0 |      37 |       9 |  19.6
        D:5 |     269 |     695 |  72.1 |      11 |       7 |  38.9
        D:6 |    1610 |     219 |  12.0 |      28 |       2 |   6.7
        D:7 |     982 |     460 |  31.9 |      29 |       1 |   3.3
        D:8 |     241 |     531 |  68.8 |      11 |       4 |  26.7
        D:9 |     387 |       0 |   0.0 |      10 |       0 |   0.0
       D:10 |    3517 |       0 |   0.0 |      37 |       0 |   0.0
       D:11 |    6706 |    4228 |  38.7 |      34 |      17 |  33.3
       D:12 |    3528 |    5399 |  60.5 |      27 |      21 |  43.8
       D:13 |    6410 |    8738 |  57.7 |      38 |      18 |  32.1
       D:14 |    4125 |    5051 |  55.0 |      17 |      21 |  55.3
       D:15 |   11874 |    5312 |  30.9 |      28 |      12 |  30.0
     Lair:1 |    1832 |    1150 |  38.6 |      11 |       2 |  15.4
     Lair:2 |    6531 |    1094 |  14.3 |      28 |       3 |   9.7
     Lair:3 |    8548 |    4822 |  36.1 |      28 |      13 |  31.7
     Lair:4 |    2270 |       0 |   0.0 |      14 |       0 |   0.0
     Lair:5 |    5603 |       0 |   0.0 |      24 |       0 |   0.0
     Lair:6 |    5736 |    9759 |  63.0 |      17 |      44 |  72.1
      Orc:1 |    1705 |    1718 |  50.2 |      19 |       1 |   5.0
      Orc:2 |    1362 |    7282 |  84.2 |       6 |      20 |  76.9
    Volcano |       0 |    3826 | 100.0 |       0 |      12 | 100.0
            +---------+---------+-------+---------+---------+-------
